 Dungeon Sprint DCSS version 0.17-a0-1674-g2b13139 (webtiles) character file.

291 Kidiri the Covert (level 6, -2/28 HPs)
             Began as a Spriggan Enchanter on Aug 18, 2015.
             Slain by a spatial vortex (3 damage)
             ... in the Dungeon (Sprint III: "The Ten Rune Challenge").
             The game lasted 00:02:34 (453 turns).

Kidiri the Covert (Spriggan Enchanter)               Turns: 453, Time: 00:02:34

Health: -2/28      AC:  3    Str:  6    XL:     6   Next: 10%
Magic:  17/17      EV: 24    Int: 17    God:
Gold:   22         SH:  0    Dex: 16    Spells: 5 memorised, 8 levels left

rFire  + . .     SeeInvis +     a - +1 dagger
rCold  . . .     Clarity  .     b - +1 robe
rNeg   . . .     SustAt   .     (shield restricted)
rPois  .         Gourm    .     (helmet restricted)
rElec  .         Spirit   .     (no cloak)
rCorr  .         Warding  .     (gloves unavailable)
rMut   .         NoTele   +     (boots unavailable)
MR     +....                    (no amulet)
Stlth  +++++.....               (no ring)
                                (no ring)

@: very quick, somewhat resistant to hostile enchantments, quite stealthy
A: unfitting armour, antennae 1, see invisible, clumsy 1, fire resistance 1,
herbivore 3, speed 3, sense surroundings 1, slow metabolism 2, strong 1
a: no special abilities


You were in the Dungeon.
You were not hungry.

You visited 1 branch You collected 22 gold pieces.

Inventory:

Hand weapons
 a - a +1 dagger (weapon)
Armour
 b - a +1 robe (worn)
Scrolls
 j - a scroll of blinking
 m - a scroll of fear
 n - a scroll of remove curse
Potions
 e - a potion of curing
 f - a potion of heal wounds
 g - 2 potions of haste
 h - 2 potions of magic
 i - a potion of berserk rage
 p - 3 potions of cure mutation
 q - 2 potions of flight {unknown}
Comestibles
 d - a bread ration
 o - 2 royal jellies


   Skills:
 + Level 4.5 Short Blades
 * Level 9.0 Dodging
 * Level 10.2 Stealth
 * Level 7.6 Spellcasting
 + Level 2.1 Conjurations
 + Level 6.1 Hexes
 + Level 2.6 Ice Magic


You had 8 spell levels left.
You knew the following spells:

 Your Spells              Type           Power        Failure   Level  Hunger
a - Corona                Hex            ####...      1%          1    None
b - Ensorcelled Hibernat  Hex/Ice        ###...       2%          2    None
c - Confuse               Hex            ####....     2%          3    ##.....
d - Tukima's Dance        Hex            ####....     2%          3    ##.....
e - Dazzling Spray        Conj/Hex       ###.....     8%          3    ##.....


Dungeon Overview and Level Annotations

Branches:
Dungeon (1/1)

Altars:
Dithmenos
Gozag
Makhleb
Nemelex Xobeh
Qazlal
Ru
Xom
Jiyva
Lugonu


Innate Abilities, Weirdness & Mutations

You are tiny and cannot use many weapons and most armour.
You have supernaturally acute eyesight.
You are a herbivore.
You cover ground extremely quickly.
You need consume almost no food.
You have a pair of small antennae on your head.
You are clumsy. (Dex -2)
Your flesh is heat resistant.
You passively map a small area around you.
Your muscles are strong. (Str +2)


Message History

Unknown command.
Unknown command.
You start resting.
Magic restored.
Unknown command.
You open the door.
Found a stormy altar of Qazlal.
A spatial vortex comes into view.
Found a plain deck of cards.
Found eight altars.
There is an open door here.
There is a sacrificial altar of Ru here.
There is a shimmering altar of Xom here.
The helpless spatial vortex fails to defend itself.
You perforate the spatial vortex like a sieve!!!
The spatial vortex is almost destroyed.
The spatial vortex hits you!!
Ouch! That really hurt!
* * * LOW HITPOINT WARNING * * *
Space bends around you.
You die...

#### ##.# * ** *
...#####..# _ _ _* * ,
....#.:#..# , *,_ ,
#...#..#..###+#+###+##,
,
##..##+#..#..........#,
, ,
##..###...'.⌠........#
#..####...#...######'# *
#..###....#.⌠.#__#...# *
%..##.....#...#_@#...# ≈
...#......#+###_v#...#,*
.##.#.....# {#__#...+ *
.#####....#_ #_.'...# ,
▓▓ *▓▓▓▓▓▓ ▓▓▓▓▓▓▓▓* * ≈
≈ *,, , ** ≈ ,, ≈ * ≈ ,
, * *** ,


You could see a spatial vortex.

Vanquished Creatures
  A shadow (D)
  A water elemental (D)
  A scorpion (D)
  A jelly (D)
  A human (D)
  4 rats (D)
9 creatures vanquished.

Vanquished Creatures (others)
  2 draconian scorchers (D)
2 creatures vanquished.

Grand Total: 11 creatures vanquished

Notes
Turn   | Place    | Note
--------------------------------------------------------------
     0 | D        | Kidiri the Spriggan Enchanter began the quest for the Orb.
     0 | D        | Reached XP level 1. HP: 9/9 MP: 5/5
    57 | D        | Noticed a scorpion
    60 | D        | Killed a scorpion
    60 | D        | Reached skill level 5 in Dodging
    60 | D        | Reached skill level 7 in Stealth
    60 | D        | Reached XP level 2. HP: 13/13 MP: 5/8
    60 | D        | Reached XP level 3. HP: 16/16 MP: 6/10
    68 | D        | Learned a level 2 spell: Ensorcelled Hibernation
    72 | D        | Learned a level 3 spell: Confuse
    76 | D        | Learned a level 3 spell: Tukima's Dance
   181 | D        | Killed a white draconian scorcher
   182 | D        | Killed a white draconian scorcher
   215 | D        | Reached skill level 5 in Spellcasting
   233 | D        | Gained mutation: You passively map a small area around you. [potion of mutation]
   233 | D        | Gained mutation: You have a pair of small antennae on your head. [potion of mutation]
   233 | D        | Gained mutation: You are clumsy. (Dex -2) [potion of mutation]
   234 | D        | Gained mutation: Your flesh is heat resistant. [potion of mutation]
   234 | D        | Gained mutation: Your muscles are strong. (Str +2) [potion of mutation]
   376 | D        | Learned a level 3 spell: Dazzling Spray
   391 | D        | Noticed a water elemental
   394 | D        | Killed a water elemental
   394 | D        | Reached skill level 8 in Stealth
   394 | D        | Reached skill level 1 in Conjurations
   394 | D        | Reached skill level 5 in Hexes
   394 | D        | Reached skill level 1 in Ice Magic
   394 | D        | Reached XP level 4. HP: 21/21 MP: 11/13
   414 | D        | Noticed a jelly
   415 | D        | Noticed a shadow
   417 | D        | Killed a shadow
   417 | D        | Reached skill level 10 in Stealth
   417 | D        | Reached XP level 5. HP: 24/24 MP: 13/15
   421 | D        | Killed a jelly
   421 | D        | Reached XP level 6. HP: 28/28 MP: 13/17
   448 | D        | Found a stormy altar of Qazlal.
   449 | D        | Found a sacrificial altar of Ru.
   449 | D        | Found a burning altar of Makhleb.
   449 | D        | Found a viscous altar of Jiyva.
   449 | D        | Found a shimmering altar of Xom.
   449 | D        | Found a shadowy altar of Dithmenos.
   449 | D        | Found a sparkling altar of Nemelex Xobeh.
   449 | D        | Found a corrupted altar of Lugonu.
   449 | D        | Found an opulent altar of Gozag.
   449 | D        | Noticed a spatial vortex
   453 | D        | HP: 1/28 [spatial vortex (27)]
   453 | D        | Slain by a spatial vortex

Vault maps used:
D:        dungeon_sprint_mu

Action                   |  1- 3 |  4- 6 || total
-------------------------+-------+-------++-------
Melee: Dagger            |     9 |     3 ||    12
 Cast: Ensorcelled Hiber |     4 |       ||     4
       Confuse           |     1 |       ||     1
  Use: Scroll            |     4 |       ||     4
       Potion            |     2 |       ||     2
 Stab: Sleeping          |     6 |     3 ||     9
       Confused          |     2 |       ||     2
